 Dungeon Sprint DCSS version 0.14-a0-2746-g43b4f9c (webtiles) character file.

0 DasRunzen the Covered (level 1, -2/16 HPs)
             Began as a Formicid Fighter on Feb 23, 2014.
             Was an Initiate of Makhleb.
             Slain by an ufetubus (3 damage)
             ... in the Dungeon (Sprint VII: "The Pits").
             The game lasted 00:00:36 (123 turns).

DasRunzen the Covered (Formicid Fighter)             Turns: 123, Time: 00:00:36

HP  -2/16        AC  8     Str 20      XL: 1   Next: 14%
MP   1/1         EV  6     Int  7      God: Makhleb [......]
Gold 0           SH 18     Dex 10      Spells:  0 memorised,  0 levels left

rFire  . . .     SeeInvis +     a - +0 hand axe
rCold  . . .     Clarity  .     b - +0 scale mail
rNeg   . . .     Conserve .     c - +0 shield
rPois  x         rCorr    .     (helmet unavailable)
rElec  .         rRot     .     (no cloak)
SustAb . .       Spirit   .     (no gloves)
rMut   .         Warding  .     (no boots)
Saprov . . .     Stasis   +     (no amulet)
MR     .....                    (no ring)
                                (no ring)

@: not resistant to hostile enchantments, extremely unstealthy
A: permanent stasis, dig shafts and tunnels, four strong arms, poison weakness,
antennae 3, exoskeleton 1
a: Dig, Renounce Religion


You were in the Dungeon.
You worshipped Makhleb.
Makhleb was noncommittal.
You were not hungry.

You visited 1 branch

Inventory:

Hand weapons
 a - a +0,+0 hand axe (weapon)
 o - a +2,+2 orcish hand axe
Armour
 b - a +0 scale mail (worn)
 c - a +0 shield (worn)
Comestibles
 d - 8 bread rations
 g - 40 strawberries
 i - 7 meat rations
Scrolls
 k - 2 scrolls of vulnerability
 l - 3 scrolls of remove curse
 m - 5 scrolls of amnesia
 n - a scroll of summoning
Potions
 e - a potion of curing
 f - a potion of heal wounds
 h - 4 potions of magic
 j - 2 potions of invisibility


   Skills:
 + Level 3.1 Fighting
 + Level 2.2 Axes
 + Level 3.7 Armour
 + Level 3.1 Shields


You couldn't memorise any spells.
You didn't know any spells.

Dungeon Overview and Level Annotations

Branches:
Dungeon (1/1)

Altars:
Ashenzari
Cheibriados
Dithmenos
Elyvilon
Fedhas
Kikubaaqudgha
Makhleb
Nemelex Xobeh
Okawaru
Sif Muna
Trog
Vehumet
Xom
Yredelemnul
Zin
The Shining One
Beogh
Jiyva
Lugonu


Innate Abilities, Weirdness & Mutations

Your are under a permanent stasis effect.
You can dig through walls and to a lower floor.
Your four strong arms can wield any weapon, most with a shield.
You are susceptible to poison.
You have a pair of large antennae on your head (SInv).
Your body is surrounded by an exoskeleton. (AC +1)


Message History

You barely miss the ufetubus.
The ufetubus is almost dead.
You block the ufetubus' attack.
The ufetubus hits you but does no damage.
You block the ufetubus' attack.
Unknown command.
You closely miss the ufetubus.
The ufetubus is almost dead.
The ufetubus hits you.
* * * LOW HITPOINT WARNING * * *
You block the ufetubus' attack.
The ufetubus hits you but does no damage.
You are too injured to fight recklessly!
You are too injured to fight recklessly!
Unknown command.
You are too injured to fight recklessly!
You hit the ufetubus but do no damage.
The ufetubus is almost dead.
The ufetubus hits you.
You die...

############
#__________#
#_____.____#
#######'#############
#.))).'.'.!##.........
#.))..#.#.(##......#..#
#######'#####..........
#.......@...'...........
#+#####5#####......#..#.
#....s# #............
#.....# ####'#####++
###+### #.......# { {
#.......# #.......#
#...<...# #.......#


You could see a giant mite and an ufetubus.

Vanquished Creatures
  A ball python (D)
1 creature vanquished.

Notes
Turn   | Place    | Note
--------------------------------------------------------------
     0 | D        | DasRunzen, the Formicid Fighter, began the quest for the Orb.
     0 | D        | Reached XP level 1. HP: 16/16 MP: 1/1
    24 | D        | Found a shadowy altar of Dithmenos.
    24 | D        | Found a basalt altar of Yredelemnul.
    24 | D        | Found a deep blue altar of Sif Muna.
    24 | D        | Found a burning altar of Makhleb.
    24 | D        | Found a shimmering altar of Xom.
    24 | D        | Found an ancient bone altar of Kikubaaqudgha.
    24 | D        | Found a sparkling altar of Nemelex Xobeh.
    25 | D        | Found a glowing golden altar of the Shining One.
    25 | D        | Found a bloodstained altar of Trog.
    25 | D        | Found a shattered altar of Ashenzari.
    25 | D        | Found a white marble altar of Elyvilon.
    25 | D        | Found a snail-covered altar of Cheibriados.
    25 | D        | Found a blossoming altar of Fedhas.
    25 | D        | Found a radiant altar of Vehumet.
    25 | D        | Found a glowing silver altar of Zin.
    25 | D        | Found a corrupted altar of Lugonu.
    25 | D        | Found a viscous altar of Jiyva.
    25 | D        | Found a roughly hewn altar of Beogh.
    25 | D        | Found an iron altar of Okawaru.
    28 | D        | Became a worshipper of Makhleb the Destroyer
   123 | D        | Slain by an ufetubus

Action                   || total
-------------------------++-------
Melee: Hand axe          ||    16
